 Dungeon Crawl Stone Soup version 0.25-a0-589-g1e14c549ee (webtiles) character file.

Game seed: 8158145955864376971, levelgen mode: deterministic

2 Kohma the Shield-Bearer (level 1, -1/16 HPs)
             Began as an Octopode Fighter on Mar 10, 2020.
             Slain by a rat (2 damage)
             ... on level 1 of the Dungeon.
             The game lasted 00:00:42 (353 turns).

Kohma the Shield-Bearer (Octopode Fighter)           Turns: 353, Time: 00:00:42

Health: -1/16      AC:  1    Str: 15    XL:     1   Next: 40%
Magic:  1/1        EV: 11    Int: 10    God:
Gold:   0          SH:  8    Dex: 11    Spells: 0/0 levels left

rFire    . . .     SeeInvis .     - Unarmed
rCold    . . .     Gourm    .   a - +0 kite shield
rNeg     . . .     Faith    .   (helmet restricted)
rPois    .         Spirit   .   (no amulet)
rElec    .         Reflect  .   (no ring)
rCorr    .         Harm     .   (no ring)
MR       .....                  (no ring)
Stlth    ++........             (no ring)
HPRegen  0.05/turn              (no ring)
MPRegen  0.07/turn              (no ring)
                                (no ring)
                                (no ring)

@: no status effects
A: almost no armour, stealthy swim, amphibious, 8 rings, constrict 8, camouflage
1, gelatinous body 1
a: no special abilities


You were on level 1 of the Dungeon.
You were not hungry.

You visited 1 branch of the dungeon, and saw 1 of its levels.

Inventory:

Armour
 a - a +0 kite shield (worn)
Jewellery
 e - an uncursed amulet of faith {unknown}
Scrolls
 d - 3 scrolls of remove curse {unknown}
Potions
 b - a potion of might
Comestibles
 c - a ration


   Skills:
 - Level 3.0 Fighting
 - Level 3.0 Dodging
 * Level 3.1 Shields
 * Level 2.1 Unarmed Combat


You couldn't memorise any spells.
You didn't know any spells.
Your spell library was empty.

Dungeon Overview and Level Annotations

Branches:
Dungeon (1/15)

Altars:


Innate Abilities, Weirdness & Mutations

You cannot wear most types of armour.
You are very stealthy in the water. (Stealth+)
You are amphibious.
You can wear up to eight rings at the same time.
You can use your tentacles to constrict eight enemies at once.
Your skin changes colour to match your surroundings (Stealth+).
Your rubbery body absorbs attacks. (AC +1, EV +1)


Message History

The ooze hits you.
You tentacle-slap the ooze but do no damage.
Your squeeze misses the ooze. The ooze barely misses you. The ooze hits you.
You tentacle-slap the ooze but do no damage.
You squeeze the ooze.
The ooze is moderately wounded.
The ooze hits you.
You tentacle-slap the ooze. You squeeze the ooze, but do no damage.
The ooze is moderately wounded.
You barely miss the ooze.
The ooze is moderately wounded.
The ooze hits you. x2
Your shield prevents you from hitting the ooze.
The ooze is moderately wounded.
The ooze misses you.
Your shield prevents you from hitting the rat.
Your grab misses the rat. You block the rat's attack. The ooze hits you.
* * * LOW HITPOINT WARNING * * *
The rat bites you.
You die...

#####.####.####..###.....#
...................+......
#####.###.#.#....###......
......#...#.#)#.........#
#######.###.#.#...#.....#
......#. #.#.#..(#.....#
#.##....# #.#.#.........#
#.#.......#.#.#...........
#.#.#...#.#.#.#.@......?..
#.#.#.#.# #.#.+.Jr........
#.#.#.# # ###...........
#.#.#.# #...........
#...#.# ....##......
##..#.### .....# #.....
##..#...#.# .....# .##
..........# #....## #
#####.#####.#


You could see an ooze and a rat.

Vanquished Creatures
  2 kobolds (D:1)
  A rat (D:1)
3 creatures vanquished.

Notes
Turn   | Place    | Note
-------+----------+-------------------------------------------
     0 | D:1      | Kohma the Octopode Fighter began the quest for the Orb.
     0 | D:1      | Reached XP level 1. HP: 16/16 MP: 1/1
   353 | D:1      | Slain by a rat

Levels and vault maps discovered:
D:1:      scummos_arrival_gate, layout_basic

Action                   || total
-------------------------++-------
Melee: Unarmed           ||    14
       Tentacles         ||     3
       Constrict         ||     2
       Punch             ||     1
Armor: Skin              ||     1
Dodge: Dodged            ||     3
Block: Kite shield       ||     4

Table legend:
 A = Non-vault XP
 B = Vault XP
 C = Vault XP percentage of total XP
 D = Non-vault monster count
 E = Vault monster count
 F = Vault count percentage of total count
                 A         B        C        D         E       F
            +---------+---------+-------+---------+---------+-------
      Total |       4 |       0 |   0.0 |       3 |       0 |   0.0
            +---------+---------+-------+---------+---------+-------
        D:1 |       4 |       0 |   0.0 |       3 |       0 |   0.0
            +---------+---------+-------+---------+---------+-------
